[ AOE2 MATCH · #505794381 ]
UnrankedHindustanis vs Armenians
Rival team · LOSS
[ REPLAY ANALYSIS · EXTRACTED FROM THE RECORDED GAME ]
Feudal
10:24
Castle
23:26
Imperial
41:36
| APM avg | 55.0 |
| APM peak | 106 |
| eAPM avg | 34.2 |
| Villagers / military | 286 / 551 |
Focus
⚔️ 27.1% · 🌾 72.9%
Scout Cavalry ×297 · Ghulam ×150 · Hand Cannoneer ×75 · Camel Scout ×15 · Bombard Cannon ×6 · Trebuchet (Packed) ×5
Feudal
8:51
Castle
23:52
Imperial
42:26
| APM avg | 54.8 |
| APM peak | 113 |
| eAPM avg | 34.4 |
| Villagers / military | 265 / 675 |
Focus
⚔️ 42.3% · 🌾 57.7%
Scout Cavalry ×230 · Skirmisher ×130 · Spearman ×113 · Knight ×75 · Militia ×44 · Scorpion ×34
Match map
Initial resources + every placement click. Lines = walls · curves = elevation contours. ◆ gold · ⬟ stone · ● berries · ✦ relic · ◌ wall gap
Your base· Open — unwalled flank
Alan_99's base· Open — unwalled flank
Smoothed initial terrain · ◌ = detected wall gap · hover for details
Inputs per minute
— Aron - - Alan_99
Build order — Aron
First 150 of 924 actions detected
| 0:01 | Build | House |
| 0:03 | Build | House |
| 0:04 | Queue | Villager (Male) |
| 0:04 | Queue | Villager (Male) |
| 0:04 | Queue | Villager (Male) |
| 0:07 | Queue | Villager (Male) |
| 0:07 | Queue | Villager (Male) |
| 0:07 | Queue | Villager (Male) |
| 1:07 | Queue | Villager (Male) |
| 1:07 | Queue | Villager (Male) |
| 1:07 | Queue | Villager (Male) |
| 1:42 | Queue | Villager (Male) |
| 1:42 | Queue | Villager (Male) |
| 1:42 | Queue | Villager (Male) |
| 1:54 | Queue | Villager (Male) |
| 1:54 | Queue | Villager (Male) |
| 1:54 | Queue | Villager (Male) |
| 2:17 | Build | Lumber Camp |
| 2:28 | Queue | Villager (Male) |
| 2:28 | Queue | Villager (Male) |
| 2:54 | Queue | Villager (Male) |
| 2:54 | Queue | Villager (Male) |
| 2:59 | Queue | Villager (Male) |
| 2:59 | Queue | Villager (Male) |
| 3:37 | Build | House |
| 3:38 | Build | House |
| 3:50 | Queue | Villager (Male) |
| 3:50 | Queue | Villager (Male) |
| 4:03 | Build | Palisade Wall |
| 4:08 | Queue | Villager (Male) |
| 4:08 | Queue | Villager (Male) |
| 4:08 | Queue | Villager (Male) |
| 4:47 | Build | Palisade Wall |
| 4:53 | Queue | Villager (Male) |
| 4:53 | Queue | Villager (Male) |
| 4:53 | Queue | Villager (Male) |
| 5:01 | Build | Palisade Wall |
| 5:27 | Build | Palisade Wall |
| 5:41 | Queue | Villager (Male) |
| 5:41 | Queue | Villager (Male) |
| 5:42 | Queue | Villager (Male) |
| 5:55 | Build | Palisade Wall |
| 6:10 | Research | Loom |
| 6:10 | Queue | Villager (Male) |
| 6:23 | Queue | Villager (Male) |
| 6:23 | Queue | Villager (Male) |
| 7:00 | Queue | Villager (Male) |
| 7:19 | Queue | Villager (Male) |
| 7:23 | Build | Mill |
| 7:25 | Queue | Villager (Male) |
| 7:31 | Build | Palisade Wall |
| 7:36 | Build | Palisade Wall |
| 8:09 | Research | Feudal Age |
| 8:50 | Build | Mining Camp |
| 9:02 | Queue | Villager (Male) |
| 9:16 | Build | House |
| 9:25 | Build | Palisade Wall |
| 9:31 | Build | Palisade Wall |
| 9:32 | Build | Palisade Wall |
| 9:58 | Build | House |
| 10:02 | Build | Palisade Wall |
| 10:05 | Build | House |
| 10:10 | Build | House |
| 10:22 | Queue | Villager (Male) |
| 10:24 | Age | Feudal Age |
| 10:28 | Build | Watch Tower |
| 10:42 | Build | Watch Tower |
| 11:05 | Queue | Villager (Male) |
| 11:13 | Build | House |
| 11:15 | Build | Stone Wall |
| 11:24 | Queue | Villager (Male) |
| 11:40 | Queue | Villager (Male) |
| 11:46 | Research | Double-Bit Axe |
| 11:52 | Queue | Villager (Male) |
| 12:10 | Build | Farm |
| 12:15 | Build | Watch Tower |
| 12:17 | Queue | Villager (Male) |
| 12:22 | Build | Palisade Wall |
| 12:32 | Queue | Villager (Male) |
| 12:54 | Build | Stone Wall |
| 12:57 | Queue | Villager (Male) |
| 13:05 | Build | Blacksmith |
| 13:17 | Build | Farm |
| 13:32 | Build | Outpost |
| 13:34 | Queue | Villager (Male) |
| 13:41 | Build | Farm |
| 13:57 | Queue | Villager (Male) |
| 14:10 | Build | Watch Tower |
| 14:33 | Build | Palisade Wall |
| 14:46 | Build | House |
| 14:49 | Queue | Villager (Male) |
| 14:49 | Queue | Villager (Male) |
| 14:52 | Build | Farm |
| 14:52 | Build | Farm |
| 15:10 | Queue | Villager (Male) |
| 15:21 | Build | Watch Tower |
| 15:22 | Research | Fletching |
| 15:23 | Queue | Villager (Male) |
| 15:35 | Build | Farm |
| 15:36 | Build | Farm |
| 15:36 | Queue | Villager (Male) |
| 15:50 | Build | Mining Camp |
| 15:53 | Build | Farm |
| 16:36 | Build | Farm |
| 16:39 | Build | House |
| 16:47 | Build | Farm |
| 16:49 | Build | Farm |
| 16:58 | Queue | Villager (Male) |
| 17:06 | Queue | Villager (Male) |
| 17:06 | Queue | Villager (Male) |
| 17:12 | Build | Farm |
| 17:21 | Queue | Villager (Male) |
| 17:35 | Queue | Villager (Male) |
| 17:53 | Build | Farm |
| 18:00 | Build | Lumber Camp |
| 18:16 | Queue | Villager (Male) |
| 18:16 | Queue | Villager (Male) |
| 18:31 | Build | Watch Tower |
| 18:37 | Queue | Villager (Male) |
| 19:05 | Research | Wheelbarrow |
| 19:28 | Build | Market |
| 20:11 | Build | Barracks |
| 20:46 | Research | Castle Age |
| 21:09 | Research | Horse Collar |
| 21:12 | Research | Scale Mail Armor |
| 21:36 | Build | Farm |
| 21:50 | Research | Forging |
| 22:09 | Queue | Villager (Male) |
| 22:12 | Research | Arson |
| 23:02 | Build | Farm |
| 23:18 | Build | Farm |
| 23:26 | Age | Castle Age |
| 23:31 | Build | Castle |
| 23:33 | Research | Bodkin Arrow |
| 23:34 | Queue | Villager (Male) |
| 23:40 | Research | Chain Mail Armor |
| 23:41 | Queue | Villager (Male) |
| 23:41 | Queue | Villager (Male) |
| 23:53 | Build | Town Center |
| 24:04 | Build | Farm |
| 24:16 | Queue | Villager (Male) |
| 24:26 | Build | Lumber Camp |
| 24:32 | Build | Farm |
| 24:33 | Build | Farm |
| 24:34 | Queue | Ghulam |
| 24:34 | Queue | Ghulam |
| 24:43 | Build | Farm |
| 24:45 | Queue | Villager (Male) |
| 24:57 | Queue | Villager (Male) |
| 25:07 | Queue | Ghulam |
Build order — Alan_99
First 150 of 1227 actions detected
| 0:00 | Queue | Villager (Male) |
| 0:01 | Queue | Villager (Male) |
| 0:02 | Build | House |
| 0:04 | Build | House |
| 0:14 | Queue | Villager (Male) |
| 0:15 | Queue | Villager (Male) |
| 0:15 | Queue | Villager (Male) |
| 1:25 | Queue | Villager (Male) |
| 1:25 | Queue | Villager (Male) |
| 1:50 | Build | Mule Cart |
| 1:54 | Queue | Villager (Male) |
| 1:54 | Queue | Villager (Male) |
| 2:27 | Queue | Villager (Male) |
| 2:27 | Queue | Villager (Male) |
| 2:48 | Queue | Villager (Male) |
| 2:48 | Queue | Villager (Male) |
| 3:21 | Queue | Villager (Male) |
| 3:21 | Queue | Villager (Male) |
| 3:40 | Queue | Villager (Male) |
| 3:41 | Queue | Villager (Male) |
| 3:41 | Queue | Villager (Male) |
| 4:02 | Build | House |
| 4:08 | Queue | Villager (Male) |
| 4:35 | Build | House |
| 4:55 | Build | Mill |
| 4:57 | Queue | Villager (Male) |
| 5:18 | Queue | Villager (Male) |
| 5:39 | Queue | Villager (Male) |
| 6:09 | Research | Loom |
| 6:41 | Research | Feudal Age |
| 7:01 | Build | Mule Cart |
| 7:50 | Queue | Villager (Male) |
| 8:08 | Build | Barracks |
| 8:37 | Queue | Militia |
| 8:51 | Age | Feudal Age |
| 8:53 | Build | Watch Tower |
| 8:58 | Queue | Villager (Male) |
| 9:16 | Queue | Militia |
| 9:22 | Build | House |
| 9:31 | Build | Palisade Wall |
| 9:31 | Build | Palisade Wall |
| 9:32 | Build | Palisade Wall |
| 9:33 | Build | Palisade Wall |
| 9:33 | Build | Palisade Wall |
| 9:34 | Build | Palisade Wall |
| 9:35 | Build | Palisade Wall |
| 9:36 | Build | Palisade Wall |
| 9:49 | Queue | Villager (Male) |
| 10:18 | Queue | Villager (Male) |
| 10:21 | Build | Farm |
| 10:24 | Build | Farm |
| 10:37 | Build | Watch Tower |
| 10:43 | Build | Palisade Wall |
| 10:44 | Build | Palisade Wall |
| 10:56 | Queue | Villager (Male) |
| 10:59 | Build | Farm |
| 11:14 | Build | Watch Tower |
| 11:18 | Queue | Villager (Male) |
| 11:19 | Queue | Spearman |
| 11:25 | Build | House |
| 11:27 | Build | Palisade Wall |
| 11:31 | Build | Farm |
| 11:42 | Queue | Villager (Male) |
| 12:07 | Queue | Villager (Male) |
| 12:12 | Build | Farm |
| 12:38 | Queue | Villager (Male) |
| 12:45 | Queue | Villager (Male) |
| 12:57 | Queue | Villager (Male) |
| 12:59 | Queue | Spearman |
| 13:15 | Build | House |
| 13:28 | Queue | Villager (Male) |
| 13:30 | Build | House |
| 13:32 | Build | Mule Cart |
| 14:00 | Build | Watch Tower |
| 14:03 | Queue | Villager (Male) |
| 14:21 | Queue | Villager (Male) |
| 14:37 | Queue | Villager (Male) |
| 14:42 | Build | House |
| 15:20 | Queue | Villager (Male) |
| 15:43 | Queue | Villager (Male) |
| 15:45 | Build | Farm |
| 15:46 | Build | Farm |
| 15:48 | Build | Farm |
| 15:48 | Build | Farm |
| 15:49 | Build | Farm |
| 15:49 | Build | Farm |
| 15:49 | Build | Farm |
| 15:49 | Build | Farm |
| 15:51 | Queue | Villager (Male) |
| 16:01 | Build | Stone Wall |
| 16:02 | Build | Stone Wall |
| 16:03 | Build | Stone Wall |
| 16:04 | Build | Stone Wall |
| 16:04 | Build | Stone Wall |
| 16:29 | Queue | Villager (Male) |
| 16:31 | Build | Farm |
| 16:51 | Queue | Villager (Male) |
| 16:57 | Queue | Villager (Male) |
| 17:02 | Build | Farm |
| 17:03 | Build | Farm |
| 17:05 | Build | Farm |
| 17:07 | Build | Farm |
| 17:16 | Research | Double-Bit Axe |
| 17:19 | Queue | Villager (Male) |
| 17:24 | Build | Market |
| 17:47 | Build | Farm |
| 17:49 | Build | Farm |
| 17:52 | Build | Farm |
| 18:01 | Queue | Villager (Male) |
| 18:22 | Build | House |
| 18:24 | Build | House |
| 18:33 | Research | Man-at-Arms (upgrade) |
| 18:55 | Queue | Villager (Male) |
| 19:13 | Build | Blacksmith |
| 19:15 | Queue | Villager (Male) |
| 19:32 | Research | Long Swordsman (upgrade) |
| 19:33 | Research | Arson |
| 19:48 | Queue | Villager (Male) |
| 20:07 | Build | House |
| 20:08 | Build | House |
| 20:13 | Queue | Villager (Male) |
| 20:17 | Research | Forging |
| 20:20 | Research | Scale Mail Armor |
| 20:23 | Build | Stone Wall |
| 20:26 | Build | Stone Wall |
| 20:41 | Queue | Villager (Male) |
| 20:56 | Build | Watch Tower |
| 21:12 | Research | Castle Age |
| 21:12 | Research | Castle Age |
| 21:24 | Queue | Militia |
| 21:24 | Queue | Militia |
| 21:30 | Build | Stone Wall |
| 21:31 | Build | Stone Wall |
| 21:32 | Build | Stone Wall |
| 21:33 | Build | Stone Wall |
| 21:33 | Build | Stone Wall |
| 21:34 | Build | Stone Wall |
| 21:42 | Build | Barracks |
| 21:45 | Queue | Militia |
| 22:16 | Build | House |
| 22:16 | Build | House |
| 22:30 | Research | Gold Mining |
| 22:30 | Research | Horse Collar |
| 22:31 | Queue | Militia |
| 22:42 | Queue | Militia |
| 22:43 | Queue | Militia |
| 22:43 | Queue | Militia |
| 22:52 | Research | Forging |
| 23:07 | Queue | Militia |
| 23:07 | Queue | Militia |
Match timeline
| 4:03 | Aron · wall_segment Palisade Wall x10 |
| 4:47 | Aron · wall_segment Palisade Wall x7 |
| 5:01 | Aron · wall_segment Palisade Wall x10 |
| 5:27 | Aron · wall_segment Palisade Wall x1 |
| 5:55 | Aron · wall_segment Palisade Wall x9 |
| 7:31 | Aron · wall_segment Palisade Wall x5 |
| 7:36 | Aron · wall_segment Palisade Wall x4 |
| 8:08 | Alan_99 · first_building Barracks |
| 8:51 | Alan_99 · age_up feudal |
| 9:25 | Aron · wall_segment Palisade Wall x1 |
| 9:31 | Alan_99 · wall_segment Palisade Wall x1 |
| 9:31 | Aron · wall_segment Palisade Wall x1 |
| 9:31 | Alan_99 · wall_segment Palisade Wall x1 |
| 9:32 | Alan_99 · wall_segment Palisade Wall x1 |
| 9:32 | Aron · wall_segment Palisade Wall x1 |
| 9:33 | Alan_99 · wall_segment Palisade Wall x1 |
| 9:33 | Alan_99 · wall_segment Palisade Wall x1 |
| 9:34 | Alan_99 · wall_segment Palisade Wall x1 |
| 9:35 | Alan_99 · wall_segment Palisade Wall x1 |
| 9:36 | Alan_99 · wall_segment Palisade Wall x1 |
| 10:02 | Aron · wall_segment Palisade Wall x1 |
| 10:24 | Aron · age_up feudal |
| 10:43 | Alan_99 · wall_segment Palisade Wall x1 |
| 10:44 | Alan_99 · wall_segment Palisade Wall x1 |
| 11:15 | Aron · wall_segment Stone Wall x5 |
| 11:27 | Alan_99 · wall_segment Palisade Wall x4 |
| 12:22 | Aron · wall_segment Palisade Wall x1 |
| 12:54 | Aron · wall_segment Stone Wall x9 |
| 14:33 | Aron · wall_segment Palisade Wall x1 |
| 16:01 | Alan_99 · wall_segment Stone Wall x1 |
| 16:02 | Alan_99 · wall_segment Stone Wall x1 |
| 16:03 | Alan_99 · wall_segment Stone Wall x1 |
| 16:04 | Alan_99 · wall_segment Stone Wall x1 |
| 16:04 | Alan_99 · wall_segment Stone Wall x1 |
| 19:04 | Alan_99 · first_market_buy 100 wood |
| 20:11 | Aron · first_building Barracks |
| 20:18 | Aron · first_market_sell 100 stone |
| 20:23 | Alan_99 · wall_segment Stone Wall x1 |
| 20:26 | Alan_99 · wall_segment Stone Wall x12 |
| 20:31 | Aron · first_market_buy 100 food |
| 21:30 | Alan_99 · wall_segment Stone Wall x2 |
| 21:31 | Alan_99 · wall_segment Stone Wall x2 |
| 21:32 | Alan_99 · wall_segment Stone Wall x1 |
| 21:33 | Alan_99 · wall_segment Stone Wall x1 |
| 21:33 | Alan_99 · wall_segment Stone Wall x1 |
| 21:34 | Alan_99 · wall_segment Stone Wall x1 |
| 22:50 | Alan_99 · first_market_sell 100 stone |
| 23:26 | Aron · age_up castle |
| 23:31 | Aron · first_building Castle |
| 23:52 | Alan_99 · age_up castle |
| 23:53 | Alan_99 · first_building Siege Workshop |
| 24:17 | Alan_99 · wall_segment Stone Wall x1 |
| 24:18 | Alan_99 · wall_segment Stone Wall x1 |
| 24:19 | Alan_99 · wall_segment Stone Wall x1 |
| 24:19 | Alan_99 · wall_segment Stone Wall x1 |
| 30:26 | Aron · wall_segment Palisade Wall x1 |
| 32:02 | Aron · wall_segment Palisade Wall x1 |
| 32:05 | Aron · wall_segment Palisade Wall x1 |
| 32:13 | Alan_99 · first_building Castle |
| 32:37 | Aron · first_building Siege Workshop |
| 32:45 | Alan_99 · wall_segment Stone Wall x1 |
| 36:25 | Aron · first_building Monastery |
| 39:02 | Aron · first_building Archery Range |
| 39:55 | Alan_99 · first_building Archery Range |
| 40:59 | Alan_99 · first_building Stable |
| 41:36 | Aron · age_up imperial |
| 42:26 | Alan_99 · age_up imperial |
| 44:03 | Aron · first_building Stable |
| 62:14 | Alan_99 · wall_segment Palisade Wall x1 |
| 72:45 | Alan_99 · resign |
[ AI ANALYSIS · 1 CREDIT ]
What really happened in this match?
Wolo.gg analyzes every decision: build order, eco, micro, common mistakes by bracket. Personalized analysis on WhatsApp or Discord in 30 seconds.
Civ guide
Hindustanis
Perfil
Jugador #412356